 Dungeon Crawl Stone Soup version 0.22-a0-157-g169b76a (webtiles) character file.

500 varam the Thaumaturge (level 7, 0/56 HPs)
             Began as a Gnoll Wanderer on Feb 8, 2018.
             Was a Follower of Okawaru.
             Slain by a gnoll shaman
             ... wielding a +0 club
              (7 damage)
             ... on level 3 of the Dungeon.
             The game lasted 00:10:35 (3732 turns).

varam the Thaumaturge (Gnoll Wanderer)              Turns: 3732, Time: 00:10:36

Health: 0/56       AC:  5    Str: 14    XL:     7   Next: 16%
Magic:  21/21      EV: 14    Int: 16    God:    Okawaru [*.....]
Gold:   111        SH:  5    Dex: 15    Spells: 28/28 levels left

rFire    . . .     SeeInvis .   a - +2 spear
rCold    . . .     Gourm    .   c - +0 buckler
rNeg     . . .     Faith    .   g - +0 ring mail (curse)
rPois    .         Spirit   .   (no helmet)
rElec    .         Reflect  .   (no cloak)
rCorr    .         Harm     .   (no gloves)
MR       .....                  (no boots)
Stlth    +.........             (no amulet)
HPRegen  0.18/turn              m - +2 ring of evasion
MPRegen  0.17/turn              e - +1 ring of evasion

@: about to teleport
A: distributed training, fangs 1, sense surroundings 1, MP-powered wands, strong
nose
a: Heroism, Renounce Religion


You were on level 3 of the Dungeon.
You worshipped Okawaru.
Okawaru was aware of your devotion.
You were not hungry.

You visited 1 branch of the dungeon, and saw 4 of its levels.

You collected 111 gold pieces.

Inventory:

Hand Weapons
 a - a +2 spear (weapon)
 b - a +0 mace
 r - a +0 hand axe of chopping
Armour
 c - a +0 buckler (worn)
 g - a cursed +0 ring mail (worn)
Jewellery
 e - a +1 ring of evasion (right hand)
 m - a +2 ring of evasion (left hand)
Scrolls
 d - a scroll of identify {unknown}
 i - a scroll of enchant armour {unknown}
 j - a scroll of fog {unknown}
 k - a scroll of blinking {unknown}
Potions
 t - a potion of degeneration
Comestibles
 f - 5 rations
 h - 5 chunks of flesh


   Skills:
 + Level 5.1 Fighting
 + Level 2.2 Short Blades
 + Level 2.2 Long Blades
 + Level 2.2 Axes
 + Level 2.2 Maces & Flails
 + Level 2.2 Polearms
 + Level 2.2 Staves
 + Level 2.2 Slings
 + Level 2.2 Bows
 + Level 2.2 Crossbows
 + Level 2.2 Throwing
 + Level 3.4 Armour
 + Level 2.2 Dodging
 + Level 2.2 Stealth
 + Level 5.1 Shields
 + Level 2.2 Unarmed Combat
 + Level 11.4 Spellcasting
 + Level 1.8 Conjurations
 + Level 1.8 Hexes
 + Level 1.8 Charms
 + Level 1.8 Summonings
 + Level 1.8 Necromancy
 + Level 1.8 Translocations
 + Level 1.8 Transmutations
 + Level 1.8 Fire Magic
 + Level 1.8 Ice Magic
 + Level 1.8 Air Magic
 + Level 1.8 Earth Magic
 + Level 1.8 Poison Magic
 + Level 2.5 Invocations
 + Level 2.2 Evocations


You had 28 spell levels left.
You didn't know any spells.

Dungeon Overview and Level Annotations

Branches:
Dungeon (4/15)
 Temple: D:4-7

Altars:
Okawaru
Ru
Xom

Annotations:
D:4 Edmund


Innate Abilities, Weirdness & Mutations

Your experience applies equally to all skills.
You have very sharp teeth.
Your uncanny sense of smell can sniff out nearby items.
You passively map a small area around you.
You expend magic power (3 MP) to strengthen your wands.


Message History

You hit the gnoll shaman but do no damage.
The gnoll shaman is heavily wounded.
The gnoll shaman hits you but does no damage.
Press: ? - help, v - describe, . - travel, g - get item
Here: a gnoll shaman, wielding a club and wearing a leather armour (heavily wounded)
A spear.
There is something else lying underneath.
The floor, spattered with blood.
Okay, then.
You hit the gnoll shaman but do no damage.
The gnoll shaman is heavily wounded.
The gnoll shaman hits you with a club!
* * * LOW HITPOINT WARNING * * *
The gnoll shaman hits you with a club.
* * * LOW HITPOINT WARNING * * *
Things that are here:
a club; a gnoll skeleton
As you read the scroll of teleportation, it crumbles to dust.
You feel strangely unstable. The gnoll shaman hits you with a club!
You die...

#.........# #.
#.#######.# #.
#.....# #.# #.
####.## #.# #.
####.####.#######.
#>)...............
#)#...###.########
#g#.....#.########
#@#.#...#.#.....##
#.#...).#.#.###.##
#.#####)#.#.....##
#.# #.#.####..#
#.# #.#.......#
#.#####.#######.##
#.................
###.#######.######
#)# #.######


You could see a gnoll shaman.

Vanquished Creatures
  Sigmund (D:2)
  A bullfrog zombie (D:3)
  3 orc priests
  An orc wizard (D:4)
  A howler monkey zombie (D:3)
  4 gnolls (D:3)
  5 adders
  3 worms
  A leopard gecko (D:3)
  7 orcs (D:3)
  3 giant cockroaches
  10 goblins
  13 hobgoblins
  4 jackals (D:4)
  2 quokkas
  9 bats
  4 frilled lizards
  A giant cockroach zombie (D:2)
  A jackal zombie (D:2)
  7 kobolds
  A quokka skeleton (D:2)
  8 rats
90 creatures vanquished.

Notes
Turn   | Place    | Note
-------+----------+-------------------------------------------
     0 | D:1      | Reached skill level 11 in Spellcasting
     0 | D:1      | varam the Gnoll Wanderer began the quest for the Orb.
     0 | D:1      | varam set off with: a +2 spear, a +0 mace, a +0 buckler, a +0 robe, a ration
     0 | D:1      | Reached XP level 1. HP: 20/20 MP: 12/12
    82 | D:1      | Reached XP level 2. HP: 22/26 MP: 14/14
   569 | D:2      | Reached XP level 3. HP: 31/31 MP: 15/15
   950 | D:2      | Reached skill level 1 in Invocations
  1020 | D:2      | Reached skill level 1 in Short Blades
  1020 | D:2      | Reached skill level 1 in Long Blades
  1020 | D:2      | Reached skill level 1 in Axes
  1020 | D:2      | Reached skill level 1 in Maces & Flails
  1020 | D:2      | Reached skill level 1 in Polearms
  1020 | D:2      | Reached skill level 1 in Staves
  1020 | D:2      | Reached skill level 1 in Slings
  1020 | D:2      | Reached skill level 1 in Bows
  1020 | D:2      | Reached skill level 1 in Crossbows
  1020 | D:2      | Reached skill level 1 in Throwing
  1020 | D:2      | Reached skill level 1 in Dodging
  1020 | D:2      | Reached skill level 1 in Stealth
  1020 | D:2      | Reached skill level 1 in Unarmed Combat
  1020 | D:2      | Reached skill level 1 in Evocations
  1038 | D:2      | Noticed Sigmund
  1269 | D:3      | Reached XP level 4. HP: 38/38 MP: 17/17
  1636 | D:3      | Reached skill level 1 in Conjurations
  1636 | D:3      | Reached skill level 1 in Hexes
  1636 | D:3      | Reached skill level 1 in Charms
  1636 | D:3      | Reached skill level 1 in Summonings
  1636 | D:3      | Reached skill level 1 in Necromancy
  1636 | D:3      | Reached skill level 1 in Translocations
  1636 | D:3      | Reached skill level 1 in Transmutations
  1636 | D:3      | Reached skill level 1 in Fire Magic
  1636 | D:3      | Reached skill level 1 in Ice Magic
  1636 | D:3      | Reached skill level 1 in Air Magic
  1636 | D:3      | Reached skill level 1 in Earth Magic
  1636 | D:3      | Reached skill level 1 in Poison Magic
  1731 | D:3      | Reached XP level 5. HP: 41/43 MP: 18/18
  1772 | D:3      | Found an iron altar of Okawaru.
  1804 | D:3      | Became a worshipper of Warmaster Okawaru
  2113 | D:3      | Reached skill level 3 in Armour
  2555 | D:2      | Gained mutation: You expend magic power (3 MP) to strengthen your wands. [potion of mutation]
  2555 | D:2      | Gained mutation: You passively map a small area around you. [potion of mutation]
  2574 | D:2      | Killed Sigmund
  2574 | D:2      | Reached * piety under Okawaru
  2574 | D:2      | Reached skill level 5 in Fighting
  2574 | D:2      | Reached skill level 5 in Shields
  2574 | D:2      | Reached skill level 2 in Invocations
  2574 | D:2      | Reached XP level 6. HP: 26/51 MP: 20/20
  2628 | D:2      | Found a sacrificial altar of Ru.
  2757 | D:4      | Found a shimmering altar of Xom.
  2757 | D:4      | Found a shimmering altar of Xom.
  2757 | D:4      | Found a shimmering altar of Xom.
  2758 | D:4      | Found a shimmering altar of Xom.
  2766 | D:4      | Reached skill level 2 in Short Blades
  2766 | D:4      | Reached skill level 2 in Long Blades
  2766 | D:4      | Reached skill level 2 in Axes
  2766 | D:4      | Reached skill level 2 in Maces & Flails
  2766 | D:4      | Reached skill level 2 in Polearms
  2766 | D:4      | Reached skill level 2 in Staves
  2766 | D:4      | Reached skill level 2 in Slings
  2766 | D:4      | Reached skill level 2 in Bows
  2766 | D:4      | Reached skill level 2 in Crossbows
  2766 | D:4      | Reached skill level 2 in Throwing
  2766 | D:4      | Reached skill level 2 in Dodging
  2766 | D:4      | Reached skill level 2 in Stealth
  2766 | D:4      | Reached skill level 2 in Unarmed Combat
  2766 | D:4      | Reached skill level 2 in Evocations
  2774 | D:4      | Found a shimmering altar of Xom.
  3441 | D:4      | Reached XP level 7. HP: 34/56 MP: 21/21
  3539 | D:4      | Found a shimmering altar of Xom.
  3547 | D:4      | Found a shimmering altar of Xom.
  3574 | D:4      | Noticed Edmund
  3732 | D:3      | Slain by a gnoll shaman

Vault maps used:
D:1:      dpeg_arrival_houses_and_road
D:2:      serial_undead, serial_undead_a, serial_undead_b, serial_undead_b,
          serial_undead_d, nicolae_ru_the_path_less_chosen, uniq_sigmund
D:3:      old_standard_altar, serial_curves, eino_curves_04, eino_curves_01,
          eino_curves_01
D:4:      kennysheep_ying_yang, gammafunk_temple_overflow_arena,
          nicolae_xom_altar_mimics, temple_green, first_ration, uniq_edmund

Skill      XL: |  1  2  3  4  5  6 |
---------------+-------------------+-----
Spellcasting   | | 11.4
Invocations    | 1 2 |  2.5
Short Blades   | 1 2 |  2.2
Long Blades    | 1 2 |  2.2
Axes           | 1 2 |  2.2
Maces & Flails | 1 2 |  2.2
Polearms       | 1 2 |  2.2
Staves         | 1 2 |  2.2
Slings         | 1 2 |  2.2
Bows           | 1 2 |  2.2
Crossbows      | 1 2 |  2.2
Throwing       | 1 2 |  2.2
Dodging        | 1 2 |  2.2
Stealth        | 1 2 |  2.2
Unarmed Combat | 1 2 |  2.2
Evocations     | 1 2 |  2.2
Conjurations   | 1 |  1.8
Hexes          | 1 |  1.8
Charms         | 1 |  1.8
Summonings     | 1 |  1.8
Necromancy     | 1 |  1.8
Translocations | 1 |  1.8
Transmutations | 1 |  1.8
Fire Magic     | 1 |  1.8
Ice Magic      | 1 |  1.8
Air Magic      | 1 |  1.8
Earth Magic    | 1 |  1.8
Poison Magic   | 1 |  1.8
Armour         | 3 |  3.4
Fighting       | 5 |  5.1
Shields        | 5 |  5.1

Action                   |  1- 3 |  4- 6 |  7- 9 || total
-------------------------+-------+-------+-------++-------
Melee: Spear             |   120 |   156 |    70 ||   346
       Bite              |    11 |    11 |     8 ||    30
  Use: Potion            |       |     6 |       ||     6
       Scroll            |       |     2 |     1 ||     3
 Stab: Sleeping          |     6 |     3 |       ||     9
  Eat: Chunk             |     1 |     5 |       ||     6
       Ration            |       |     1 |       ||     1
Armor: Robe              |     8 |     9 |       ||    17
       Ring mail         |       |    11 |    10 ||    21
Dodge: Dodged            |    49 |    62 |    48 ||   159
Block: Buckler           |    13 |    21 |    25 ||    59

Table legend:
 A = Spawn XP
 B = Non-spawn XP
 C = Spawn XP percentage of total XP
 D = Spawn monster count
 E = Non-spawn monster count
 F = Spawn count percentage of total count
 G = Total turns spent on level
                    A         B        C        D         E        F      G
               +---------+---------+-------+---------+---------+-------+---------
         Total |       0 |     715 |   0.0 |       0 |      90 |   0.0 |  3732
               +---------+---------+-------+---------+---------+-------+---------
           D:1 |       0 |      33 |   0.0 |       0 |      19 |   0.0 |   707
           D:2 |       0 |     272 |   0.0 |       0 |      27 |   0.0 |   894
           D:3 |       0 |     296 |   0.0 |       0 |      34 |   0.0 |  1881
           D:4 |       0 |     114 |   0.0 |       0 |      10 |   0.0 |   250
               +---------+---------+-------+---------+---------+-------+---------
